 Dungeon Crawl Stone Soup version 0.21-a0-578-gc6e9d75 (webtiles) character file.

2044 vishdafish the Jester (level 9, 0/65 HPs)
             Began as a Demonspawn Skald on Dec 18, 2017.
             Was a Follower of Nemelex Xobeh.
             Slain by a yak (16 damage)
             ... on level 7 of the Dungeon.
             The game lasted 00:16:53 (7269 turns).

vishdafish the Jester (Demonspawn Skald)            Turns: 7269, Time: 00:16:54

Health: 0/65       AC:  8    Str: 11    XL:     9   Next: 4%
Magic:  14/15      EV: 13    Int: 25    God:    Nemelex Xobeh [*.....]
Gold:   356        SH:  0    Dex: 13    Spells: 11/14 levels left

rFire    . . .     SeeInvis .   G - +2 war axe (venom)
rCold    . . .     Gourm    .   (no shield)
rNeg     + . .     Faith    .   E - +2 leather armour {rN+}
rPois    .         Spirit   .   (helmet restricted)
rElec    .         Reflect  .   p - +0 cloak
rCorr    .         Harm     .   (no gloves)
MR       +....                  (no boots)
Stlth    ..........             (no amulet)
HPRegen  0.20/turn              q - +2 ring of protection
MPRegen  0.14/turn              x - ring "Qianto" {MR+ Int+7 Stlth-}

@: very slightly contaminated
A: antennae 1, talons 2, demonic guardian 1, rot immunity
a: Renounce Religion


You were on level 7 of the Dungeon.
You worshipped Nemelex Xobeh.
Nemelex Xobeh was aware of your devotion.
You were not hungry.

You visited 1 branch of the dungeon, and saw 7 of its levels.

You collected 356 gold pieces.

Inventory:

Hand Weapons
 a - a +0 spear
 s - the +4 hand axe "Koegy" {flame, rC+ MR+}
   (You found it on level 4 of the Dungeon)

   It has been specially enchanted to burn those struck by it, causing extra
   injury to most foes and up to half again as much damage against particularly
   susceptible opponents.
   Big, fiery blades are also staple armaments of hydra-hunters.
   It protects you from cold.
   It affects your resistance to hostile enchantments.
 D - a +0 trident
 G - a +2 war axe of venom (weapon)
Armour
 b - a +0 leather armour
 i - a +1 helmet
 p - a +0 cloak (worn)
 E - a +2 leather armour of positive energy (worn)
Jewellery
 q - a +2 ring of protection (left hand)
 x - the ring "Qianto" (right hand) {MR+ Int+7 Stlth-}
   (You found it on level 4 of the Dungeon)

   [ring of loudness]

   It affects your intelligence (+7).
   It affects your resistance to hostile enchantments.
   It makes you less stealthy.
 B - an uncursed ring of positive energy
Wands
 o - a wand of digging (20)
 t - a wand of disintegration (4)
 u - a wand of acid (11)
 y - a wand of paralysis (23)
Scrolls
 f - 5 scrolls of remove curse {unknown}
 g - a scroll of enchant weapon {unknown}
 h - 5 scrolls of teleportation {unknown}
 j - 10 scrolls of identify {unknown}
 k - 3 scrolls of immolation {unknown}
 m - 3 scrolls of magic mapping {unknown}
 n - 2 scrolls of fog {unknown}
 C - a scroll of enchant armour {unknown}
 H - a scroll of random uselessness {unknown}
Potions
 l - 3 potions of curing {unknown}
 v - a potion of cancellation {unknown}
 w - a potion of ambrosia {unknown}
 z - a potion of invisibility {unknown}
Books
 c - a book of Battle

   Spells                             Type                      Level
   a - Infusion                       Charms                       1
   b - Shroud of Golubria             Charms/Translocation         2
   c - Song of Slaying                Charms                       2
   d - Spectral Weapon                Hexes/Charms                 3
   e - Regeneration                   Charms/Necromancy            3
 r - a book of Changes

   Spells                             Type                      Level
   a - Beastly Appendage              Transmutation                1
   b - Sticks to Snakes               Transmutation                2
   c - Spider Form                    Transmutation/Poison         3
   d - Ice Form                       Ice/Transmutation            4
   e - Blade Hands                    Transmutation                5
Miscellaneous
 A - a plain deck of summoning {drawn: 3}
Comestibles
 d - 11 rations
 F - 6 chunks of flesh


   Skills:
 + Level 4.2 Fighting
 * Level 6.7 Polearms
 - Level 3.0 Armour
 - Level 3.2 Dodging
 - Level 3.3 Spellcasting
 - Level 3.4 Charms
 * Level 8.0 Invocations


You had 11 spell levels left.
You knew the following spells:

 Your Spells              Type           Power        Failure   Level  Hunger
a - Infusion              Chrm           ###.         3%          1    None
b - Song of Slaying       Chrm           ###.....     4%          2    #......


Dungeon Overview and Level Annotations

Branches:
Dungeon (7/15)
 Temple: D:4-7

Altars:
Cheibriados
Dithmenos
Gozag
Nemelex Xobeh
Qazlal
Sif Muna
Wu Jian


Innate Abilities, Weirdness & Mutations

You have a pair of small antennae on your head.
You have razor-sharp toenails.
A weak demonic guardian rushes to your aid.
You are immune to rotting.


Message History

Increase (S)trength, (I)ntelligence, or (D)exterity?
You feel clever.
Evoke which item? (* to show all) (? for menu, Esc to quit)
Aiming: Paralyse
Press: ? - help, Shift-Dir - straight line, f/p - yak
Aim: a yak (moderately wounded, chance to defeat MR: 46%)
The yak resists with some effort.
Evoke which item? (* to show all) (? for menu, Esc to quit)
Aiming: Paralyse
Press: ? - help, Shift-Dir - straight line, f/p - yak
Aim: a yak (moderately wounded, chance to defeat MR: 46%)
The yak resists with some effort.
Evoke which item? (* to show all) (? for menu, Esc to quit)
Aiming: Paralyse
Press: ? - help, Shift-Dir - straight line, f/p - yak
Aim: a yak (moderately wounded, chance to defeat MR: 46%)
The yak resists with some effort.
The yak gores you!
You die...
Your body glows slightly and disappears.

....# ....# ....#
....# ..#.###
......############
..#.#............#
#.#....#########.#
#.####.# #@# #.#
#.# #Y# .# #|# #.#
#.# .# #.# #.# #Y#
.## #.# #.#
#.##..# ..# #.#...
#.#.# #.†.#
###.###.#


You could see 2 yaks.

Vanquished Creatures
  Prince Ribbit (D:5)
  4 yaks (D:7)
  A sky beast (D:7)
  A phantom (D:7)
  An ice beast (D:6)
  A centaur (D:6)
  2 bullfrogs
  A water moccasin zombie (D:7)
  A water moccasin skeleton (D:5)
  A howler monkey (D:4)
  A crimson imp (D:6)
  An orc priest (D:4)
  A bullfrog skeleton (D:7)
  2 orc wizards
  An iguana (D:6)
  2 worker ants
  Robin (D:2)
  10 adders
  2 shadow imps
  2 oozes (D:4)
  2 worms (D:2)
  2 dart slugs (D:2)
  3 leopard geckos
  11 orcs
  9 bats
  3 giant cockroaches
  12 goblins
  6 hobgoblins
  12 jackals
  3 ball pythons
  3 frilled lizards
  6 kobolds
  A quokka skeleton (D:4)
  4 rats
114 creatures vanquished.

Vanquished Creatures (collateral kills)
  2 orc warriors (D:6)
  An ogre (D:4)
  A wyvern zombie (D:6)
  2 orc priests
  An orc wizard (D:7)
  6 orcs
  A giant cockroach (D:4)
14 creatures vanquished.

Grand Total: 128 creatures vanquished

Notes
Turn   | Place    | Note
-------+----------+-------------------------------------------
     0 | D:1      | vishdafish the Demonspawn Skald began the quest for the Orb.
     0 | D:1      | Reached XP level 1. HP: 16/16 MP: 3/3
   317 | D:1      | Reached skill level 1 in Armour
   838 | D:1      | Gained mutation: You have sharp toenails. [demonic ancestry]
   838 | D:1      | Reached XP level 2. HP: 21/22 MP: 0/5
  1757 | D:2      | Noticed Robin
  1864 | D:1      | Gained mutation: You have razor-sharp toenails. [demonic ancestry]
  1864 | D:1      | Reached XP level 3. HP: 11/27 MP: 6/6
  2044 | D:2      | Killed Robin
  2402 | D:2      | Reached XP level 4. HP: 33/33 MP: 3/7
  2789 | D:2      | Found a faded altar of an unknown god.
  2999 | D:2      | Found an ornate altar of the Wu Jian Council.
  3315 | D:3      | Found a stormy altar of Qazlal.
  3316 | D:3      | Noticed an air elemental
  3317 | D:3      | Noticed an earth elemental
  3318 | D:3      | Noticed a water elemental
  3318 | D:3      | Noticed a fire elemental
  3809 | D:4      | Noticed an ogre
  3847 | D:4      | Gained mutation: A weak demonic guardian rushes to your aid. [demonic ancestry]
  3847 | D:4      | Reached XP level 5. HP: 38/38 MP: 4/8
  3864 | D:4      | Killed an ogre
  4015 | D:4      | Got an ichor-stained hand axe
  4016 | D:4      | Identified the +4 hand axe "Koegy" {flame, rC+ MR+} (You found it on level 4 of the Dungeon)
  4062 | D:4      | Found a sparkling altar of Nemelex Xobeh.
  4071 | D:4      | Became a worshipper of Nemelex Xobeh the Trickster
  4110 | D:4      | Reached skill level 1 in Invocations
  4116 | D:4      | Gained mutation: You have a pair of small antennae on your head. [demonic ancestry]
  4116 | D:4      | Reached XP level 6. HP: 19/44 MP: 9/9
  4768 | D:4      | Received a gift from Nemelex Xobeh
  4826 | D:4      | Reached skill level 2 in Invocations
  4844 | D:4      | Got a crude iron ring
  4892 | D:4      | Identified the ring "Qianto" {MR+ Int+7 Stlth-} (You found it on level 4 of the Dungeon)
  5058 | D:5      | Entered Level 5 of the Dungeon
  5187 | D:5      | Noticed Prince Ribbit
  5218 | D:5      | Killed Prince Ribbit
  5218 | D:5      | Reached skill level 3 in Invocations
  5218 | D:5      | Reached XP level 7. HP: 40/50 MP: 10/10
  5620 | D:5      | Received a gift from Nemelex Xobeh
  5789 | D:6      | Reached skill level 4 in Invocations
  6372 | D:6      | Reached skill level 5 in Polearms
  6484 | D:6      | Reached skill level 5 in Invocations
  6499 | D:6      | Gained mutation: You are immune to rotting. [demonic ancestry]
  6499 | D:6      | Reached XP level 8. HP: 45/57 MP: 6/12
  6770 | D:6      | Reached * piety under Nemelex Xobeh
  6830 | D:6      | Found a snail-covered altar of Cheibriados.
  6830 | D:6      | Found a deep blue altar of Sif Muna.
  6833 | D:6      | Found a shadowy altar of Dithmenos.
  6884 | D:6      | Learned a level 2 spell: Song of Slaying
  6899 | D:7      | Found an opulent altar of Gozag.
  6933 | D:7      | Reached skill level 6 in Invocations
  7256 | D:7      | Reached skill level 7 in Invocations
  7261 | D:7      | Reached skill level 8 in Invocations
  7261 | D:7      | Reached XP level 9. HP: 14/65 MP: 13/15
  7269 | D:7      | Slain by a yak

Vault maps used:
D:1:      minmay_arrival_widening_spiral_wide
D:2:      lemuel_coloured_pillars_altar, chequers_ecumenical_altar_grove,
          uniq_robin
D:3:      nicolae_qazlal_style_of_elements, first_ration
D:4:      nemelex_altar_shiori
D:5:      minmay_liquid_box, hangedman_abyss_or_decor_passed,
          uniq_prince_ribbit1
D:6:      minitemple, corexii_corridor_pit
D:7:      nicolae_gozag_cash_rules_everything_around_me,
          minmay_temple_entry_enclosed_plants, uniq_duvessa

Skill      XL: |  1  2  3  4  5  6  7  8 |
---------------+-------------------------+-----
Armour         | 1 2 3 |  3.0
Polearms       | 2 3 4 5 6 |  6.7
Dodging        | 2 3 |  3.2
Charms         | 3 |  3.4
Invocations    | 1 3 5 8 |  8.0
Spellcasting   | 3 |  3.3
Fighting       | 4 |  4.2

Action                   |  1- 3 |  4- 6 |  7- 9 || total
-------------------------+-------+-------+-------++-------
Melee: Spear             |   108 |   132 |       ||   240
       Kick              |    10 |    21 |    28 ||    59
       Hand axe          |       |    38 |    36 ||    74
       Trident           |       |       |    43 ||    43
       War axe           |       |       |    64 ||    64
 Cast: Infusion          |    13 |    12 |     1 ||    26
       Song of Slaying   |       |       |     2 ||     2
Evoke: Deck              |       |     7 |     3 ||    10
       Wand              |       |     3 |    16 ||    19
  Use: Scroll            |     1 |       |     1 ||     2
 Stab: Sleeping          |     3 |     1 |       ||     4
       Distracted        |       |       |     2 ||     2
       Petrifying        |       |       |     1 ||     1
  Eat: Chunk             |     5 |     9 |     7 ||    21
Armor: Leather armour    |    17 |    73 |    46 ||   136
Dodge: Dodged            |    46 |   110 |    90 ||   246

Table legend:
 A = Spawn XP
 B = Non-spawn XP
 C = Spawn XP percentage of total XP
 D = Spawn monster count
 E = Non-spawn monster count
 F = Spawn count percentage of total count
 G = Total turns spent on level
                    A         B        C        D         E        F      G
               +---------+---------+-------+---------+---------+-------+---------
         Total |       0 |    2921 |   0.0 |       0 |     128 |   0.0 |  7269
               +---------+---------+-------+---------+---------+-------+---------
           D:1 |       0 |      29 |   0.0 |       0 |      16 |   0.0 |  1791
           D:2 |       0 |     116 |   0.0 |       0 |      28 |   0.0 |  1269
           D:3 |       0 |      28 |   0.0 |       0 |      18 |   0.0 |   694
           D:4 |       0 |     325 |   0.0 |       0 |      22 |   0.0 |  1304
           D:5 |       0 |     416 |   0.0 |       0 |       8 |   0.0 |  1093
           D:6 |       0 |     728 |   0.0 |       0 |      19 |   0.0 |   734
           D:7 |       0 |    1279 |   0.0 |       0 |      17 |   0.0 |   384
               +---------+---------+-------+---------+---------+-------+---------
